AoeStats
← McVainas

MegaRandom

510534719Analyzed
3v3 RM · 1d ago on Oct 1, 2026· 56m 25s· 6 players
Game mode
Random Map
Map size
Normal (6 player)
Population
200
Speed
Normal
Resources
Standard
Victory
Conquest
Starting age
Dark Age
Ending age
Imperial Age
RankedLock teamsTeams togetherTeam positionsShared explorationLock speedFull tech treeHidden civsTurbo modeCheats
Victory
Defeat
🇪🇸 Italians · Spain
654
+13
🇺🇸 Britons · United States
624
+14
🇪🇸 Mongols · Spain
509
+19
🇨🇿 Burgundians · Czechia
613
-17
🇨🇿 Wei · Czechia
600
-16
🇨🇿 Franks · Czechia
512
-13
MikinhoCZE
11:31 Feudal Age
10:48 Loom
12:56 Wheelbarrow
15:17 Double-Bit Axe
22:39 Castle Age
20:51 Man-at-Arms
24:29 Scale Mail Armor
25:05 Stone Mining
26:16 Long Swordsman
31:02 Gold Mining
33:31 Scale Barding Armor
33:45 Horse Collar
39:44 Imperial Age
41:13 Chain Barding Armor
41:05 Forging
42:53 Heavy Plow
43:28 Hand Cart
43:55 Conscription
46:08 Elite Coustillier
47:31 Plate Barding Armor
47:58 Stone Shaft Mining
47:59 Gold Shaft Mining
50:25 Bow Saw
54:37 Iron Casting
54:38 Crop Rotation
54:16 Caravan
JointSon1
6:49 Loom
14:28 Feudal Age
14:54 Double-Bit Axe
15:13 Gold Mining
15:15 Stone Mining
16:02 Wheelbarrow
18:13 Man-at-Arms
22:15 Castle Age
21:12 Scale Mail Armor
21:22 Forging
22:58 Fletching
23:09 Padded Archer Armor
23:15 Scale Barding Armor
24:19 Bow Saw
24:26 Caravan
24:54 Hand Cart
27:35 Chain Mail Armor
27:57 Iron Casting
30:59 Gold Shaft Mining
31:06 Chain Barding Armor
31:01 Leather Archer Armor
30:42 Bodkin Arrow
30:51 Husbandry
31:21 Town Watch
32:18 Pikeman
32:59 Squires
32:45 Arson
33:44 Coinage
38:09 Imperial Age
36:13 Pikeman
36:54 Squires
37:38 Arson
38:20 Ballistics
38:57 Cranequins
40:16 Plate Barding Armor
42:15 Blast Furnace
41:47 Plate Mail Armor
42:23 Chemistry
41:14 Cavalier
44:13 Paladin
45:39 Siege Engineers
nLife GScott
13:11 Feudal Age
13:51 Horse Collar
14:00 Double-Bit Axe
15:56 Loom
16:47 Stone Mining
18:23 Gold Mining
22:06 Man-at-Arms
33:18 Castle Age
40:25 Caravan
46:04 Heavy Plow
46:26 Bow Saw
46:57 Gold Shaft Mining
51:20 Imperial Age
51:01 Wheelbarrow
53:20 Elite Tiger Cavalry
54:22 Conscription
Triskitero501
0:42 Loom
18:32 Feudal Age
22:26 Castle Age
20:23 Double-Bit Axe
20:56 Horse Collar
21:36 Gold Mining
22:33 Stone Mining
25:31 Ballistics
25:07 Fletching
25:18 Padded Archer Armor
25:45 Forging
25:36 Scale Mail Armor
25:53 Squires
28:13 Town Watch
29:42 Wheelbarrow
30:40 Heavy Plow
32:09 Murder Holes
32:23 Caravan
36:28 Imperial Age
38:14 Chemistry
37:18 Elite Genoese Crossbowman
38:10 Bodkin Arrow
40:25 Bracer
41:23 Leather Archer Armor
41:45 Chain Mail Armor
42:34 Iron Casting
44:53 Ring Archer Armor
45:56 Blast Furnace
45:28 Plate Mail Armor
46:21 Scale Barding Armor
56:00 Chain Barding Armor
McVainas
0:44 Loom
10:21 Feudal Age
17:56 Castle Age
17:17 Double-Bit Axe
27:32 Wheelbarrow
30:17 Bow Saw
30:02 Gold Mining
30:07 Stone Mining
31:33 Stone Shaft Mining
31:35 Gold Shaft Mining
30:54 Horse Collar
31:32 Murder Holes
32:08 Caravan
32:35 Heavy Plow
35:28 Hand Cart
39:23 Imperial Age
36:40 Town Watch
38:19 Ballistics
38:13 Bloodlines
38:04 Husbandry
37:58 Fletching
39:56 Forging
39:42 Bodkin Arrow
39:48 Padded Archer Armor
41:23 Conscription
41:38 Town Patrol
42:58 Iron Casting
43:32 Chemistry
46:12 Iron Casting
45:37 Bracer
45:53 Leather Archer Armor
46:20 Hoardings
47:17 Elite Mangudai
48:48 Fortified Wall
48:06 Onager
51:28 Blast Furnace
50:34 Scale Barding Armor
50:29 Scale Mail Armor
52:04 Drill
51:45 Nomads
51:09 Siege Onager
53:42 Chain Barding Armor
53:01 Sappers
53:32 Atonement
53:43 Fervor
53:34 Devotion
53:30 Herbal Medicine
55:53 Fortified Wall
55:54 Masonry
55:49 Siege Engineers
56:12 Faith
TheFearlessPupil
8:12 Loom
10:02 Feudal Age
8:19 Loom
12:25 Wheelbarrow
11:38 Horse Collar
11:45 Double-Bit Axe
11:23 Man-at-Arms
19:32 Arson
25:15 Castle Age
25:44 Crossbowman
25:46 Long Swordsman
26:11 Gambesons
29:53 Forging
29:33 Fletching
29:44 Scale Mail Armor
29:45 Padded Archer Armor
30:13 Heavy Plow
30:32 Bow Saw
31:36 Pikeman
40:26 Imperial Age
37:54 Treadmill Crane
38:14 Murder Holes
42:01 Halberdier
44:10 Two-Handed Swordsman
50:53 Hand Cart
55:20 Champion
56:04 Champion
Connection lost

Rejoining the realm…

Still unreachable

The connection could not be restored.

Session expired

The server has moved on; the page needs a fresh start.